 Dungeon Crawl Stone Soup version 0.27.0-1-g7a089689b8 (webtiles) character file.

Game seed: 1823539474206989006

43 Cykl0x the Shield-Bearer (level 3, -1/33 HPs)
             Began as a Minotaur Fighter on Aug 4, 2021.
             Succumbed to a goblin's poison
             ... on level 2 of the Dungeon.
             The game lasted 00:01:23 (1000 turns).

Cykl0x the Shield-Bearer (Minotaur Fighter)         Turns: 1000, Time: 00:01:23

Health: -1/33      AC: 13    Str: 21    XL:     3   Next: 37%
Magic:  2/2        EV:  4    Int:  5    God:
Gold:   0          SH:  9    Dex:  9    Spells: 2/2 levels left

rFire    . . .     SeeInvis .   a - +0 long sword
rCold    . . .     Faith    .   c - +0 kite shield
rNeg     . . .     Spirit   .   g - +0 plate armour
rPois    .         Reflect  .   (helmet restricted)
rElec    .         Harm     .   (no cloak)
rCorr    .         Rampage  .   (no gloves)
Will     .....                  i - +0 pair of boots
Stlth    ..........             (no amulet)
HPRegen  0.11/turn              (no ring)
MPRegen  0.08/turn              (no ring)

@: brilliant, lethally poisoned (-1 -> -5)
A: horns 2, retaliatory headbutt
a: no special abilities


You were on level 2 of the Dungeon.
You visited 1 branch of the dungeon, and saw 2 of its levels.

Inventory:

Hand Weapons
 a - a +0 long sword (weapon)
Armour
 b - a +0 scale mail
 c - a +0 kite shield (worn)
 g - a +0 plate armour (worn)
 i - a +0 pair of boots (worn)
Jewellery
 h - a ring of resist corrosion
Potions
 d - a potion of might


   Skills:
 + Level 4.0 Fighting
 + Level 2.7 Long Blades
 + Level 4.1 Armour
 + Level 0.3 Dodging
 * Level 1.0 Stealth
 + Level 4.1 Shields


You had 2 spell levels left.
You didn't know any spells.
Your spell library contained the following spells:

 Spells                   Type           Power      Damage    Failure   Level
 Corona                   Hex            0%         N/A       100%        1
 Ensorcelled Hibernation  Hex/Ice        0%         N/A       100%        2
 Tukima's Dance           Hex            0%         N/A       100%        3


Dungeon Overview and Level Annotations

Branches:
Dungeon (2/15)

Altars:


Innate Abilities, Weirdness & Mutations

You have a pair of horns on your head.
You reflexively headbutt those who attack you in melee.


Message History

You are more poisoned.
The adder bites you but does no damage. The goblin hits you but does no damage.
You are more poisoned.
Your shield and plate armour prevent you from hitting the adder.
You headbutt the adder!
The adder is severely wounded.
You feel extremely sick. You block the adder's attack.
The goblin hits you with a +2 dagger of venom.
The adder bites you.
You completely miss the goblin. Your headbutt misses the goblin.
You feel very sick. The adder bites you.
The goblin hits you but does no damage.
You are lethally poisoned!
The adder bites you but does no damage. You block the goblin's attack.
You hit the goblin.
You kill the goblin!
You feel very sick. The adder barely misses you. You block the kobold's attack.
The adder barely misses you.
* * * LOW HITPOINT WARNING * * *
You feel very sick. You block the kobold's attack.
Things that are here:
a +2 dagger of venom; a goblin corpse It was a potion of brilliance.
You feel clever all of a sudden.
* * * LOW HITPOINT WARNING * * *
You feel very sick. The adder bites you but does no damage.
The kobold hits you but does no damage.
You slash the adder!
You kill the adder!
* * * LOW HITPOINT WARNING * * *
You feel very sick.
The kobold hits you but does no damage. x2
Your Stealth skill increases to level 1!
* * * LOW HITPOINT WARNING * * *
You feel sick.
You closely miss the kobold.
You die...

#.....# ..8..
#...# #...#
#.<.# #...# #
#######...###...
.......K8.....#
#.#.##..@..####
##...## ##.##
#.# ..# ###


You could see a kobold.

Vanquished Creatures
  An adder (D:2)
  A dart slug (D:1)
  3 bats (D:1)
  3 endoplasms (D:1)
  2 giant cockroaches (D:1)
  4 goblins
  6 hobgoblins (D:1)
  A ball python (D:1)
  3 kobolds (D:1)
  4 rats (D:1)
28 creatures vanquished.

Notes
Turn   | Place    | Note
-------+----------+-------------------------------------------
     0 | D:1      | Cykl0x the Minotaur Fighter began the quest for the Orb.
     0 | D:1      | Reached XP level 1. HP: 19/19 MP: 0/0
    18 | D:1      | Found a faded altar of an unknown god.
    35 | D:1      | Reached XP level 2. HP: 27/27 MP: 1/1
   459 | D:1      | Reached XP level 3. HP: 29/33 MP: 2/2
   999 | D:2      | Reached skill level 1 in Stealth
   999 | D:2      | HP: 1/33 [poisoned by a goblin]
  1000 | D:2      | Succumbed to a goblin's poison

Illustrated notes

Levels and vault maps discovered:
D:1:      minmay_arrival_radiant_lines, layout_basic,
          hellmonk_ecumenical_altar_crossroads
D:2:      layout_basic, grunt_ministairs_15, kennysheep_generic_room_11

Skill      XL: |  1  2  3 |
---------------+----------+-----
Shields        | 4 |  4.1
Fighting       | 4 |  4.0
Armour         | 4 |  4.1
Stealth        | 1 |  1.0
Long Blades    | |  2.7
Dodging        | |  0.3

Action                   || total
-------------------------++-------
Melee: Long sword        ||    52
       Headbutt          ||     6
  Use: Scroll            ||     2
       Potion            ||     1
Armor: Scale mail        ||    18
       Plate armour      ||    15
Dodge: Dodged            ||    21
Block: Kite shield       ||    29
       Rpst.: Long sword ||     6
